 Dungeon Crawl Stone Soup version 0.28.0-47-ge53b351184 (webtiles) character file.

Game seed: 12318355124661956194

58 CryoSword the Firebug (level 3, -1/24 HPs)
             Began as a Demonspawn Fire Elementalist on Apr 28, 2022.
             Succumbed to a goblin's poison
             ... on level 2 of the Dungeon.
             The game lasted 00:02:15 (1408 turns).

CryoSword the Firebug (DsFE)                        Turns: 1408, Time: 00:02:16

Health: -1/24      AC:  2    Str:  8    XL:     3   Next: 75%
Magic:  4/6        EV: 11    Int: 18    God:
Gold:   56         SH:  3    Dex: 13    Spells: 5/6 levels left

rFire   . . .      SeeInvis .   h - +0 short sword
rCold   . . .      Faith    .   g - +0 buckler
rNeg    . . .      Spirit   .   a - +0 robe
rPois   .          Reflect  .   (no helmet)
rElec   .          Harm     .   (no cloak)
rCorr   .          Rampage  .   (no gloves)
Will    .....                   (no boots)
Stlth   ++........              (no amulet)
HPRegen 0.08/turn               (no ring)
MPRegen 0.10/turn               (no ring)

@: mighty, lethally poisoned (-1 -> -10)
A: powered by pain 1
a: no special abilities


You were on level 2 of the Dungeon.
You visited 1 branch of the dungeon, and saw 2 of its levels.

You collected 56 gold pieces.

Inventory:

Hand Weapons
 h - a +0 short sword (weapon)
   (You found it on level 1 of the Dungeon)
Missiles
 e - 5 poisoned darts
Armour
 a - a +0 robe (worn)
 g - a +0 buckler (worn)
   (You found it on level 1 of the Dungeon)
Scrolls
 b - 2 scrolls of enchant weapon {unknown}
 d - a scroll of identify {unknown}
 f - a scroll of fog {unknown}
Potions
 c - a potion of might


   Skills:
 - Level 1.7 Dodging
 - Level 1.7 Stealth
 + Level 0.7 Shields
 - Level 2.0 Spellcasting
 - Level 1.0 Conjurations
 * Level 4.2 Fire Magic


You had 5 spell levels left.
You knew the following spells:

 Your Spells              Type           Power      Damage    Failure   Level
a - Foxfire               Conj/Fire      44%        2x1d6     9%          1

Your spell library contained the following spells:

 Spells                   Type           Power      Damage    Failure   Level
 Scorch                   Fire           32%        2d6       7%          2
 Conjure Flame            Conj/Fire      11%        6-21      26%         3
 Inner Flame              Hex/Fire       9%         N/A       30%         3
 Flame Wave               Conj/Fire      11%        2d5       63%         4


Dungeon Overview and Level Annotations

Branches:
Dungeon (2/15)

Altars:
Uskayaw


Innate Abilities, Weirdness & Mutations

You sometimes gain a little power by taking damage.


Message History

You hit the bat. The bat hits you but does no damage. The bat misses you.
The bat barely misses you.
You hit the bat but do no damage. The bat closely misses you.
The bat hits you but does no damage.
You conjure some foxfire!
The bat hits you but does no damage. The bat barely misses you.
You miss the bat. The bat barely misses you. x2
You completely miss the bat. The bat misses you. x2
Unknown command.
The bat barely misses you.
You conjure some foxfire!
The bat barely misses you.
The foxfire hits the bat but does no damage.
You completely miss the bat.
The foxfire hits the bat.
You kill the bat!
You see here a bat corpse.
You enter the shallow water.
Moving in this stuff is going to be slow.
You see here a +0 club.
You see here a +0 club.
You enter the shallow water.
Moving in this stuff is going to be slow.
Key pressed, stopping explore.
Partly explored, can't reach some places.
Partly explored, can't reach some places.
Partly explored, can't reach some places.
Partly explored, can't reach some places.
You enter the shallow water.
Moving in this stuff is going to be slow.
Why would you want to do that? Why would you want to do that?
You enter the shallow water.
Moving in this stuff is going to be slow.
There are no items here.
You see here a +0 short sword.
h - a +0 short sword
h - a +0 short sword (weapon)
You drop a +0 whip.
You enter the shallow water.
Moving in this stuff is going to be slow.
You enter the shallow water.
Moving in this stuff is going to be slow.
There is a stone staircase leading down here.
You climb downwards.
Found a stone staircase leading down.
There is a stone staircase leading up here.
You conjure some foxfire!
You conjure some foxfire!
The adder hisses angrily.
You conjure some foxfire!
The foxfire hits the adder. x3
The foxfire hits the adder.
You kill the adder!
Your Fire Magic skill increases to level 4!
There is a stone staircase leading up here.
You now have 38 gold pieces (gained 14).
f - a scroll labelled KUAHAO PYGGE
Found a hide-covered altar of Uskayaw.
A goblin comes into view. It is wielding a +0 club.
Found a golden potion.
A goblin is nearby!
You miscast Foxfire.
You are very lightly contaminated with residual magic.
Nothing appears to happen.
You conjure some foxfire!
You hit the goblin.
The foxfire hits the goblin. x2
You kill the goblin!
Your magical contamination has completely faded away.
A kobold comes into view. It is wielding a +0 short sword.
A kobold is nearby!
A kobold is nearby!
You conjure some foxfire!
The kobold shouts!
You conjure some foxfire!
The foxfire hits the kobold but does no damage.
The foxfire hits the kobold.
You miscast Foxfire.
You are very lightly contaminated with residual magic.
Nothing appears to happen.
A ball python comes into view.
You conjure some foxfire!
The foxfire hits the kobold.
You kill the kobold!
The foxfire hits the ball python.
You conjure some foxfire!
The ball python misses you. x2
You closely miss the ball python.
The foxfire hits the ball python.
You kill the ball python!
Your magical contamination has completely faded away.
Things that are here:
a +0 club; a goblin corpse
Things that are here:
a +0 short sword; a kobold corpse
c - 2 golden potions (gained 1)
Found a stone staircase leading down.
You now have 56 gold pieces (gained 18).
A kobold comes into view. It is wielding a +0 dagger.
A kobold is nearby!
A kobold is nearby!
You conjure some foxfire!
The foxfire hits the kobold.
You kill the kobold!
You conjure some foxfire!
Things that are here:
a +0 dagger; a kobold corpse 2 goblins come into view.
There are monsters nearby!
There are monsters nearby!
You conjure some foxfire!
The goblin shouts! x2
The foxfire hits the goblin.
You kill the goblin!
An adder comes into view.
You conjure some foxfire!
The foxfire hits the goblin.
You kill the goblin!
The foxfire hits the adder.
You conjure some foxfire!
The adder barely misses you.
The foxfire hits the adder. x2; The adder bites you. x2
You are poisoned.
The adder poisons you!
You feel sick.
You feel sick.
You feel sick. The adder closely misses you.
You conjure some foxfire!
You feel sick. The adder bites you.
You hit the adder.
You kill the adder!
You feel sick.
You are no longer poisoned.
A goblin comes into view. It is wielding a +1 dagger of venom.
A goblin is nearby!
A goblin is nearby!
You conjure some foxfire!
The goblin shouts!
The goblin hits you with a +1 dagger of venom.
You are poisoned.
You are too injured to fight recklessly!
Unknown command.
You feel very sick.
The foxfire hits the goblin.
You feel sick.
You conjure some foxfire!
You feel sick.
The goblin hits you with a +1 dagger of venom.
* * * LOW HITPOINT WARNING * * *
You are lethally poisoned!
It was a potion of might.
You feel very mighty all of a sudden.
* * * LOW HITPOINT WARNING * * *
You feel very sick.
The foxfire hits the goblin.
You kill the goblin!
* * * LOW HITPOINT WARNING * * *
You feel sick.
You die...

..... #... #... .#
#..###...#
#...)).⌠.. #..##
##..# ###..###
#..@...# ##.#v.##..#
#.§..§....#
#.#####.§§§#######.#
#..........# #.#
#######).#.# ### #.#
#..#.....# #.#
#..#####.# #.#
######..# #.# #.#


There were no monsters in sight!

Vanquished Creatures
  A gnoll (D:1)
  2 adders (D:2)
  2 dart slugs (D:1)
  9 goblins
  2 hobgoblins (D:1)
  3 ball pythons
  3 bats (D:1)
  A frilled lizard (D:1)
  4 kobolds
27 creatures vanquished.

Vanquished Creatures (others)
  75 foxfires
75 creatures vanquished.

Grand Total: 102 creatures vanquished

Notes
Turn   | Place    | Note
-------+----------+-------------------------------------------
     0 | D:1      | CryoSword the Demonspawn Fire Elementalist began the quest
                  | for the Orb.
     0 | D:1      | Reached XP level 1. HP: 13/13 MP: 3/3
    74 | D:1      | Reached skill level 3 in Fire Magic
    74 | D:1      | Gained mutation: You sometimes gain a little power by
                  | taking damage. [demonic ancestry]
    74 | D:1      | Reached XP level 2. HP: 19/19 MP: 0/5
   761 | D:1      | Found a faded altar of an unknown god.
   849 | D:1      | Reached XP level 3. HP: 16/24 MP: 2/6
  1124 | D:2      | Reached skill level 4 in Fire Magic
  1196 | D:2      | Found a hide-covered altar of Uskayaw.
  1407 | D:2      | HP: 1/24 [poisoned by a goblin]
  1408 | D:2      | Succumbed to a goblin's poison

Illustrated notes

Levels and vault maps discovered:
D:1:      kilobyte_arrival_exit_the_forest, layout_loops_ring,
          basic_ecumenical_altar, chequers_serial_rivers_small_3, st_stairs_3
D:2:      layout_loops_ring, basic_altar, grunt_ministairs_14

Skill      XL: |  1  2  3 |
---------------+----------+-----
Fire Magic     | 3 4 |  4.2
Dodging        | |  1.7
Stealth        | |  1.7
Shields        | |  0.7
Spellcasting   | |  2.0
Conjurations   | |  1.0

Action                   || total
-------------------------++-------
Melee: Whip              ||    10
       Unarmed           ||     3
       Short sword       ||     3
 Cast: Foxfire           ||    46
  Use: Potion            ||     1
 Stab: Sleeping          ||     2
Armor: Robe              ||     3
Dodge: Dodged            ||    23
